 Dungeon Crawl Stone Soup version 0.29.1-12-g30fa7ad0bf (webtiles) character file.

Game seed: 9373646821915297477

17299 FexLirch the Destroyer (level 11, -2/88 HPs)
             Began as a Demigod Fire Elementalist on Jan 11, 2023.
             Shot with an arrow by a centaur warrior (25 damage)
             ... on level 11 of the Dungeon.
             The game lasted 00:55:37 (15433 turns).

FexLirch the Destroyer (Demigod Fire Elementalist) Turns: 15433, Time: 00:55:38

Health: -2/88      AC: 11    Str:  9    XL:     11   Next: 90%
Magic:  29/29      EV: 13    Int: 41    God:
Gold:   522        SH:  5    Dex: 11    Spells: 15/29 levels left

rFire   . . .      SeeInvis +   J - staff of conjuration
rCold   . . .      Faith    .   (no shield)
rNeg    . . .      Spirit   .   w - +2 leather armour "Jeugevy" {Will+ Int+6 Dex-3 SInv}
rPois   +          Reflect  +   O - +0 helmet
rElec   .          Harm     .   H - +2 cloak {rCorr}
rCorr   +          Rampage  .   F - +0 pair of gloves
Will    ++...                   e - +0 pair of boots
Stlth   +.........              R - amulet of reflection
HPRegen 0.24/turn               Z - ring "Foiz" {rPois Int+6}
MPRegen 0.21/turn               X - ring of flight

@: flying
A: high MP 1, forlorn, divine attributes
a: no special abilities


You were on level 11 of the Dungeon.
You visited 2 branches of the dungeon, and saw 12 of its levels.

You collected 522 gold pieces.

Inventory:

Hand Weapons
 p - a +3 vampiric dagger
 x - a +0 spear
 z - a +0 trident
 G - a +0 halberd
 U - the +3 dagger "Sebushoq" {freeze, Will+}
   (You found it on level 9 of the Dungeon)

   It freezes those it strikes, dealing additional cold damage.
   It can also slow down cold-blooded creatures.
   Will:      It increases your willpower.
Missiles
 k - 10 curare-tipped darts
 K - a throwing net
Armour
 a - a +2 robe of fire resistance
 e - a +0 pair of boots (worn)
 w - the +2 leather armour "Jeugevy" (worn) {Will+ Int+6 Dex-3 SInv}
   (You took it off a gnoll on level 5 of the Dungeon)

   Int:       It affects your intelligence (+6).
   Dex:       It affects your dexterity (-3).
   SInv:      It lets you see invisible.
   Will:      It increases your willpower.
 F - a +0 pair of gloves (worn)
 H - a +2 cloak of preservation (worn)
 O - a +0 helmet (worn)
Magical Staves
 J - a staff of conjuration (weapon)
 V - a staff of cold
Jewellery
 E - a ring of poison resistance
 R - an amulet of reflection (around neck)
 X - a ring of flight (right hand)
 Z - the ring "Foiz" (left hand) {rPois Int+6}
   (You found it on level 10 of the Dungeon)

   [ring of intelligence]

   Int:       It affects your intelligence (+6).
   rPois:     It protects you from poison.
Wands
 h - a wand of digging (7)
 t - a wand of acid (4)
 u - a wand of flame (5)
 N - a wand of mindburst (10)
 Y - a wand of roots (5)
Scrolls
 c - a scroll of brand weapon {unknown}
 d - a scroll of poison
 f - 3 scrolls of noise
 l - 2 scrolls of blinking
 n - 3 scrolls of amnesia
 r - 2 scrolls of fear
 s - 3 scrolls of magic mapping
 y - a scroll of enchant armour
 A - 3 scrolls of enchant weapon
 C - 2 scrolls of butterflies
 L - a scroll of vulnerability {unknown}
 S - a scroll of torment {unknown}
 T - a scroll of silence {unknown}
Potions
 b - 3 potions of magic
 g - 2 potions of cancellation
 i - 2 potions of lignification
 j - a potion of mutation {unknown}
 m - a potion of berserk rage
 o - 5 potions of curing
 q - 8 potions of heal wounds
 v - 2 potions of brilliance
 B - 2 potions of flight
 D - 2 potions of invisibility
 I - a potion of degeneration {unknown}
 M - a potion of attraction {unknown}
 Q - a potion of might {unknown}
 W - a potion of haste {unknown}
Miscellaneous
 P - a lightning rod (4/4)


   Skills:
 + Level 5.2 Fighting
 + Level 5.6 Dodging
 - Level 1.7 Stealth
 + Level 9.6 Spellcasting
 + Level 10.3 Conjurations
 - Level 9.2 Fire Magic


You had 15 spell levels left.
You knew the following spells:

 Your Spells              Type           Power      Damage    Failure   Level
a - Foxfire               Conj/Fire      100%       2x1d9     1%          1
b - Scorch                Fire           100%       2d10      1%          2
c - Conjure Flame         Conj/Fire      100%       6-21      1%          3
d - Flame Wave            Conj/Fire      100%       2d21      1%          4
e - Inner Flame           Hex/Fire       55%        N/A       1%          3
f - Apportation           Tloc           38%        N/A       2%          1

Your spell library contained the following spells:

 Spells                   Type           Power      Damage    Failure   Level
 Necrotise                Necr           76%        1d7       2%          1
 Summon Small Mammal      Summ           76%        N/A       2%          1


Dungeon Overview and Level Annotations

Branches:
Dungeon (11/15)            Temple (1/1) D:5            Lair (0/5) D:9
    Orc (0/2) D:10

Shops:
D:4 (

Annotations:
D:10 1 runed translucent door, wormed's ghost, journeyman SpHu


Innate Abilities, Weirdness & Mutations

You have an increased reservoir of magic. (+10% MP)
You shall have no god before yourself.
Your divine heritage dramatically boosts your attributes as you level up.


Message History

Casting: Flame Wave (safe; 1% risk of failure)
Confirm with . or Enter, or press ? or * to list all spells.
You feel a surge of power!
The fire begins to smoulder!
The fire ignites!
The tengu reaver casts a spell at you. The bolt of fire hits you!!
Casting: Conjure Flame (safe; 1% risk of failure)
Confirm with . or Enter, or press ? or * to list all spells.
You feel a surge of power!
The fire begins to smoulder!
The fire ignites!
The tengu reaver is engulfed in blazing flames.
The tengu reaver gestures at you while chanting.
The bolt of acid hits you! You resist. The acid corrodes you!
As you read the scroll of butterflies, it crumbles to dust.
You hear the tinkle of a tiny bell.
Unknown command.
You swap places.
You swap places.
Things that are here:
a +2 dagger of draining; a +0 robe The tengu reaver hits your butterfly with a +0 long sword!!
Your butterfly dies!
Your butterfly disappears in a burst of colours!
The tengu reaver casts a spell at you. The bolt of fire hits you!!
* * * LOW HITPOINT WARNING * * *
You are no longer corroded.
Blink to where?
Press: ? - help, Dir - move target A cyclops comes into view.
As you read the scroll of blinking, it crumbles to dust.
The cyclops shouts!
As you read the scroll of fear, it crumbles to dust.
You assume a fearsome visage.
The cyclops looks frightened!
A flayed ghost and a centaur warrior come into view.
The centaur warrior is wielding a staff of death.
The centaur warrior shouts!
The centaur warrior wields a +0 longbow.
The centaur warrior shoots an arrow.
The arrow hits you!!
You die...

♣.♣ ###...§ ... # ###.... ♣.♣ #.
.#...... ... #.♣♣♣.######. ♣.♣
♣...♣ #. ♣.♣############ #♣.♣#
####) ♣.♣......##.>.## ♣♣...♣♣
♣..#. .♣.♣.....#.....#♣♣
♣♣.♣.♣.♣♣♣..#.
♣♣♣♣...[)).....(@♣♣♣.♣♣.♣♣.♣♣....
♣.....#...W.#♣.♣.♣♣♣.♣♣♣....#. ♣
♣......##<.c##♣♣.♣♣ ♣.♣ ♣♣...#C #
############# ### ### #####. ##


You could see a flayed ghost and a centaur warrior.

Vanquished Creatures
  Snorg (D:10)
  An ogre mage (D:8)
  Erolcha (D:10)
  A boulder beetle (D:11)
  A centaur warrior (D:11)
  A hydra (D:11)
  A two-headed ogre (D:7)
  Pikel (D:9)
  An ugly thing (D:10)
  2 cyclopes
  2 manticores
  Joseph (D:7)
  2 kobold demonologists (D:11)
  A gargoyle (D:11)
  Psyche (D:9)
  A komodo dragon (D:11)
  4 trolls
  Grinder (D:5)
  Prince Ribbit (D:6)
  Sigmund (D:3)
  14 yaks
  Eustachio (D:5)
  Grum (D:11)
  3 vampire mosquitoes (D:10)
  Edmund (D:5)
  Menkaure (D:5)
  A water moccasin (D:9)
  2 acid dragons
  2 orc warriors
  3 sky beasts
  A black bear (D:6)
  3 ice beasts
  5 wolves
  2 ogres (D:5)
  4 centaurs
  The ghost of OTABOTABOTAB the Insei, an amateur OpTm (D:3)
  2 lemures (D:9)
  A kobold brigand (D:6)
  Blork the orc (D:5)
  2 bullfrogs
  2 gnoll sergeants
  3 scorpions
  7 wights
  7 howler monkeys
  3 electric eels (D:9)
  A jelly (D:5)
  6 orc priests
  9 hounds
  Crazy Yiuf (D:3)
  2 gnoll boudas
  3 iguanas
  Jessica (D:3)
  Ijyb (D:3)
  12 orc wizards
  4 adders
  13 gnolls
  A white imp (D:6)
  An ufetubus (D:6)
  A worm (D:2)
  4 dart slugs
  35 orcs
  3 endoplasms
  3 giant cockroaches (D:3)
  13 goblins
  12 hobgoblins
  3 jackals (D:1)
  10 kobolds
  5 quokkas
  4 ball pythons
  6 bats
  2 frilled lizards
  3 rats
258 creatures vanquished.

Vanquished Creatures (others)
  552 foxfires
  9 plants
561 creatures vanquished.

Grand Total: 819 creatures vanquished

Notes
Turn   | Place    | Note
-------+----------+-------------------------------------------
     0 | D:1      | FexLirch the Demigod Fire Elementalist began the quest for
                  | the Orb.
     0 | D:1      | Reached XP level 1. HP: 14/14 MP: 5/5
    97 | D:1      | Reached skill level 1 in Conjurations
   687 | D:1      | Reached XP level 2. HP: 19/20 MP: 4/7
   745 | D:1      | Learned a level 2 spell: Scorch
  1548 | D:2      | Reached XP level 3. HP: 26/26 MP: 5/9
  2106 | D:2      | Reached skill level 2 in Conjurations
  2491 | D:3      | Learned a level 3 spell: Conjure Flame
  2528 | D:3      | Noticed Ijyb
  2558 | D:3      | Found a runed translucent door.
  2559 | D:3      | Noticed Crazy Yiuf
  2586 | D:3      | Noticed Sigmund
  2587 | D:3      | Noticed Jessica
  2599 | D:3      | Killed Jessica
  2600 | D:3      | Reached XP level 4. HP: 25/33 MP: 2/10
  2721 | D:5      | Entered Level 5 of the Dungeon
  2914 | D:4      | Found Hegatuc's Antique Weapon Emporium.
  3327 | D:4      | Reached XP level 5. HP: 38/38 MP: 4/12
  3461 | D:4      | Reached skill level 3 in Conjurations
  3577 | D:4      | Noticed an angel
  4108 | D:5      | Noticed Menkaure
  4108 | D:5      | Noticed Edmund
  4399 | D:5      | Identified the +2 leather armour "Jeugevy" {Will+ Int+6
                  | Dex-3 SInv}
  4531 | D:4      | Learned a level 4 spell: Flame Wave
  4621 | D:5      | Reached XP level 6. HP: 42/45 MP: 9/14
  4888 | D:5      | Found a staircase to the Ecumenical Temple.
  4897 | Temple   | Entered the Ecumenical Temple
  4920 | D:5      | Noticed Eustachio
  4938 | D:5      | Noticed Blork the orc
  5542 | D:5      | Noticed Grinder
  5633 | D:5      | Killed Blork the orc
  5816 | D:6      | Reached skill level 4 in Conjurations
  5816 | D:6      | Reached XP level 7. HP: 50/50 MP: 10/16
  5819 | D:6      | Reached skill level 5 in Fire Magic
  6526 | D:6      | You fall into a shaft and drop 3 floors!
  6568 | D:8      | Reached skill level 5 in Conjurations
  6663 | D:8      | Reached skill level 5 in Spellcasting
  6663 | D:8      | Reached XP level 8. HP: 55/57 MP: 2/19
  7141 | D:6      | Noticed Prince Ribbit
  7147 | D:6      | Killed Prince Ribbit
  7148 | D:6      | Reached skill level 6 in Conjurations
  7764 | D:3      | Killed Crazy Yiuf
  7817 | D:3      | Noticed OTABOTABOTAB's ghost (amateur OpTm)
  7831 | D:3      | Killed Sigmund
  7920 | D:3      | Found a runed translucent door.
  7938 | D:3      | Killed OTABOTABOTAB's ghost
  8113 | D:3      | Killed Ijyb
  8310 | D:5      | Killed Menkaure
  8311 | D:5      | Reached XP level 9. HP: 62/62 MP: 16/22
  8327 | D:5      | Paralysed by Grinder for 3 turns
  8471 | D:5      | Killed Eustachio
  8705 | D:5      | Killed Grinder
  8832 | D:5      | Killed Edmund
  8833 | D:5      | Reached skill level 7 in Conjurations
  8948 | D:7      | Noticed a two-headed ogre
  8953 | D:7      | Killed a two-headed ogre
  9455 | D:7      | Noticed Joseph
  9471 | D:7      | Killed Joseph
  9714 | D:7      | Learned a level 3 spell: Inner Flame
 10048 | D:7      | Learned a level 1 spell: Apportation
 10190 | D:8      | Noticed an ogre mage
 10200 | D:8      | HP: 2/62 [ogre mage/bolt of magma (43)]
 10212 | D:8      | Killed an ogre mage
 10213 | D:8      | Reached skill level 8 in Conjurations
 10213 | D:8      | Reached XP level 10. HP: 5/69 MP: 15/25
 11128 | D:9      | Noticed a cyclops
 11207 | D:9      | Noticed Psyche
 11217 | D:9      | Killed Psyche
 11365 | D:9      | Noticed Pikel
 11368 | D:9      | Killed Pikel
 11478 | D:9      | Killed a cyclops
 11688 | D:9      | Identified the +3 dagger "Sebushoq" {freeze, Will+}
 11939 | D:9      | Reached skill level 1 in Fighting
 12021 | D:9      | Reached skill level 9 in Conjurations
 12103 | D:9      | Found a staircase to the Lair.
 13110 | D:10     | Entered Level 10 of the Dungeon
 13127 | D:10     | Reached XP level 11. HP: 67/80 MP: 19/28
 13407 | D:10     | Noticed Erolcha
 13411 | D:10     | Killed Erolcha
 13416 | D:10     | Identified the ring "Foiz" {rPois Int+6}
 13558 | D:10     | Found a staircase to the Orcish Mines.
 13990 | D:10     | Noticed Snorg
 13999 | D:10     | Killed Snorg
 14159 | D:10     | Found a runed translucent door.
 14160 | D:10     | Noticed a six-headed hydra
 14160 | D:10     | Noticed wormed's ghost (journeyman SpHu)
 14491 | D:11     | Noticed an eight-headed hydra
 14497 | D:11     | Noticed a centaur warrior
 14499 | D:11     | Killed an eight-headed hydra
 14500 | D:11     | Reached skill level 10 in Conjurations
 14504 | D:11     | Reached skill level 5 in Dodging
 14508 | D:11     | Killed a centaur warrior
 14510 | D:11     | Noticed a two-headed ogre
 14963 | D:11     | Noticed Grum
 14969 | D:11     | Killed Grum
 14973 | D:11     | Reached skill level 5 in Fighting
 15083 | D:11     | Noticed a boulder beetle
 15137 | D:11     | Killed a boulder beetle
 15375 | D:11     | Noticed a tengu reaver
 15433 | D:11     | Noticed a flayed ghost
 15433 | D:11     | Noticed a centaur warrior
 15433 | D:11     | Shot with an arrow by a centaur warrior

Illustrated notes

Levels and vault maps discovered:
D:1:      scummos_arrival_checkerplants, layout_loops_ring,
          shapermc_ecumenical_altar_mp_ritualfount
D:2:      layout_basic, basic_altar, minmay_liquid_box, uniq_robin
D:3:      layout_rooms, hellmonk_ghost_happy_afterlife, uniq_crazy_yiuf_cottage,
          uniq_jessica, uniq_sigmund, uniq_ijyb
D:4:      layout_gridville, mainiacjoe_overflow_surrounded_room,
          grunt_temple_overflow_order_and_chaos_1, tgw_sif, serial_shops,
          nicolae_lakefront_shop
D:5:      layout_rooms, lemuel_tele_altar, nicolae_dithmenos_the_darkroom,
          minmay_temple_entry_junction, uniq_menkaure, uniq_edmund,
          uniq_grinder, uniq_blork_the_orc, uniq_eustachio
D:6:      layout_basic, mainiacjoe_overflow_tiny_flanked, uniq_prince_ribbit1
D:7:      layout_loops_cross, trog_hazing_becter,
          nicolae_qazlal_style_of_elements, uniq_joseph
D:8:      layout_basic, lemuel_round_altar, lemuel_doored_altar,
          kennysheep_just_a_vault
D:9:      layout_layer_cave, old_standard_altar, erik_lair_island,
          minmay_microvault, uniq_pikel, uniq_psyche
D:10:     layout_roguey, nicolae_ru_the_path_less_chosen, orc_0_dummy,
          serial_corexii_hall, chequers_hall_statues_y, corexii_hall_statues_t,
          ebering_ghost_inner_flame, serial_park_tiny_1,
          hangedman_decor_riveting, uniq_erolcha, uniq_snorg
D:11:     nzn_winding_woodlands_stair_trap [nzn_winding_woodlands_5x15_parted,
          nzn_winding_woodlands_5x15_sawtooth, nzn_winding_woodlands_5x15_pool,
          nzn_winding_woodlands_15x15_thick_spiral,
          nzn_winding_woodlands_5x15_zeroes, nzn_winding_woodlands_5x15_cabin,
          nzn_winding_woodlands_5x15_garden], layout_loops_corners, uniq_grum
Temple:   kb_corrupted_temple

Skill      XL: |  1  2  3  4  5  6  7  8  9 10 11 |
---------------+----------------------------------+-----
Conjurations   | 1 2 3 4 5 6 8 9 10 | 10.3
Spellcasting   | 2 3 4 5 6 7 8 9 |  9.6
Fire Magic     | 3 4 5 7 8 9 |  9.2
Dodging        | 3 5 |  5.6
Fighting       | 2 5 |  5.2
Stealth        | |  1.7

Action                   |  1- 3 |  4- 6 |  7- 9 | 10-12 || total
-------------------------+-------+-------+-------+-------++-------
Melee: Unarmed           |    33 |       |       |       ||    33
       Dagger            |     3 |     7 |     3 |       ||    13
       Trident           |       |     6 |    12 |       ||    18
       Staff             |       |       |     3 |    16 ||    19
 Cast: Foxfire           |    75 |    93 |    89 |    61 ||   318
       Scorch            |     6 |    24 |   101 |    78 ||   209
       Conjure Flame     |       |     5 |    16 |     7 ||    28
       Flame Wave        |       |     1 |     3 |    26 ||    30
       Inner Flame       |       |       |       |     3 ||     3
Evoke: Wand              |       |       |     3 |       ||     3
  Use: Scroll            |     1 |     6 |     7 |    10 ||    24
Armor: Robe              |    22 |       |       |       ||    22
       Acid dragon scale |     4 |     3 |       |       ||     7
       Leather armour    |       |     2 |    19 |    34 ||    55
Dodge: Dodged            |    38 |    16 |    26 |    43 ||   123
Block: Other             |       |       |       |     5 ||     5
       Reflection        |       |       |       |     1 ||     1
